 Dungeon Crawl Stone Soup version 0.31-a0-4-gefa6de2278 (webtiles) character file.

Game seed: 11377739320829007362

7492 sircluck the Cleaver (level 10, -10/90 HPs)
             Began as a Minotaur Fighter on May 4, 2023.
             Was a Follower of Makhleb.
             Mangled by an orc knight
             ... wielding a +0 great sword
              (14 damage)
             ... on level 9 of the Dungeon.
             The game lasted 00:13:17 (9499 turns).

sircluck the Cleaver (Minotaur Fighter)             Turns: 9499, Time: 00:13:18

Health: -10/90     AC: 19    Str: 25    XL:     10   Next: 95%
Magic:  10/10      EV: 23    Int:  5    God:    Makhleb [*.....]
Gold:   545        SH:  5    Dex: 10    Spells: 9/9 levels left

rFire   + + .        v - +8 broad axe "Nuve" {freeze, Will+}
rCold   + . .        c - +0 buckler
rNeg    . . .        u - +0 plate armour
rPois   .            (helmet restricted)
rElec   .            I - scarf {rC+ rF+}
rCorr   .            A - +2 pair of gloves
SInv    .            N - +0 pair of boots
Will    +....        p - amulet of the acrobat Stlth
                     i - ring of protection from fire
HPRegen 0.35/turn    (no ring)
MPRegen 0.12/turn

%: acrobat
@: about to teleport, acrobatic
A: horns 2, retaliatory headbutt, high MP 1, subdued magic 1, MP-powered wands
a: Renounce Religion


You were on level 9 of the Dungeon.
You worshipped Makhleb.
Makhleb was aware of your devotion.
You visited 2 branches of the dungeon, and saw 10 of its levels.

You collected 545 gold pieces.

Inventory:

Hand Weapons
 a - a +1 war axe
 v - the +8 broad axe "Nuve" (weapon) {freeze, Will+}
   (You acquired it on level 5 of the Dungeon)

   Will:      It increases your willpower.
Missiles
 h - 81 stones (quivered)
 r - 31 poisoned darts
 E - 5 boomerangs
Armour
 b - a +0 scale mail
 c - a +0 buckler (worn)
 n - the +0 ring mail of Ubiorur {Dex+4}
   (You found it on level 2 of the Dungeon)

   Dex:       It affects your dexterity (+4).
 u - a +0 plate armour (worn)
 A - a +2 pair of gloves (worn)
 B - the +2 scale mail "Hyemebruu" {Harm Int+4}
   (You found it on level 4 of the Dungeon)

   Int:       It affects your intelligence (+4).
   Harm:      It increases damage dealt and taken.
 I - a scarf of resistance (worn)
 N - a +0 pair of boots (worn)
Jewellery
 i - a ring of protection from fire (left hand)
 p - an amulet of the acrobat (around neck)
 t - an amulet of faith
 O - an amulet of guardian spirit
 P - the ring "Ostafupti" {Fly Int+3 Slay-5 Stlth+}
   (You took it off a centaur on level 9 of the Dungeon)

   [ring of flight]

   Int:       It affects your intelligence (+3).
   Slay:      It affects your accuracy & damage with ranged weapons and melee
   (-5).
   Fly:       It grants you flight.
   Stlth:     It makes you more stealthy.
Wands
 k - a wand of quicksilver (11)
 y - a wand of charming (10)
 H - a wand of mindburst (10)
Scrolls
 g - 3 scrolls of identify
 l - 2 scrolls of teleportation
 m - a scroll of magic mapping
 o - 5 scrolls of poison
 q - 4 scrolls of immolation
 w - a scroll of fog
 F - 2 scrolls of enchant weapon
 G - 2 scrolls of enchant armour
 L - a scroll of fear {unknown}
 Q - a scroll of brand weapon {unknown}
Potions
 d - 2 potions of might
 e - 2 potions of mutation
 f - 3 potions of lignification {unknown}
 j - 2 potions of haste {unknown}
 s - a potion of degeneration {unknown}
 x - a potion of berserk rage {unknown}
 z - a potion of invisibility {unknown}
 C - a potion of magic {unknown}
 D - 3 potions of flight
 J - 2 potions of curing {unknown}
 K - a potion of heal wounds {unknown}
 M - a potion of brilliance {unknown}


   Skills:
 + Level 8.9 Fighting
 + Level 14.2 Axes
 + Level 0.2 Throwing
 + Level 10.6 Armour
 + Level 2.2 Dodging
 + Level 0.5 Stealth
 + Level 6.7 Shields


You had 9 spell levels left.
You didn't know any spells.
Your spell library contained the following spells:

 Spells                   Type           Power      Damage    Failure   Level
 Apportation              Tloc           0%         N/A       99%         1
 Alistair's Intoxication  Tmut/Pois      0%         N/A       100%        5


Dungeon Overview and Level Annotations

Branches:
Dungeon (9/15)             Temple (1/1) D:7            Lair (0/5) D:9
    Orc: D:9-12

Altars:
Ashenzari
Cheibriados
Dithmenos
Elyvilon
Fedhas
Gozag
Hepliaklqana
Kikubaaqudgha
Makhleb
Nemelex Xobeh
Okawaru
Qazlal
Ru
Sif Muna
Trog
Uskayaw
Vehumet
Wu Jian
Xom
The Shining One

Shops:
D:5 =   D:8 (


Innate Abilities, Weirdness & Mutations

You have a pair of horns on your head.
You reflexively headbutt those who attack you in melee.
You have an increased reservoir of magic. (+10% MP)
Your spells are a little easier to cast, but a little less powerful.
You expend magic power (3 MP) to strengthen your wands.


Message History

You kill the acid dragon!
Makhleb accepts your kill. You block the orc knight's attack.
The orc warrior unwields a +0 battleaxe.
The orc warrior wields a +0 arbalest.
The orc warrior shoots a bolt.
The bolt hits you.
You closely miss the orc knight.
The orc knight is heavily wounded.
You block the gnoll sergeant's attack.
The orc knight hits you but does no damage.
The orc warrior shoots a bolt.
The bolt barely misses you.
Unknown command.
You barely miss the orc knight. Your headbutt misses the orc knight.
The orc knight is heavily wounded.
The gnoll sergeant closely misses you. You block the orc knight's attack.
The orc warrior shoots a bolt.
The bolt hits you but does no damage.
You slash the orc knight! You freeze the orc knight.
You headbutt the orc knight, but do no damage.
The orc knight is severely wounded.
The gnoll sergeant hits you but does no damage.
The orc knight hits you with a +0 great sword!
* * * LOW HITPOINT WARNING * * *
The orc warrior shoots a bolt.
The bolt hits you!
* * * LOW HITPOINT WARNING * * *
As you read the scroll of teleportation, it crumbles to dust.
You feel strangely unstable. You block the gnoll sergeant's attack.
You block the orc knight's attack.
The orc warrior shoots a bolt.
The bolt hits you but does no damage.
The orc knight attacks as you move away!
The orc knight hits you with a +0 great sword!
* * * LOW HITPOINT WARNING * * *
The gnoll sergeant hits you from afar with a +0 spear.
* * * LOW HITPOINT WARNING * * *
The orc warrior shoots a bolt.
The bolt misses you.
The orc warrior shoots a bolt.
The bolt completely misses you.
Things that are here:
a +0 halberd; a +0 chain mail The orc knight attacks as you move away!
The orc knight hits you with a +0 great sword!
You die...

.....## ##......# #...
.....# #......# #...
....##
####.....##########...
....# ###
..#.............>....
..### ...
.###................ ###
..# #..###.............. #
#.##....###............
##. #.#......###.........[
#.|[##..o@#....###........
.)|}..#g.###......##......
#}).##)..#.....###........
##. #.#......###..........
# #.##....###............
### ..#
#..###.............. ..###
... ..###..............##
....# ###
##o#.............#####
....##
.##............##....


You could see an orc knight, an orc warrior and a gnoll sergeant.

Vanquished Creatures
  Erica (D:9)
  A deep elf knight (D:9)
  Joseph (D:8)
  An unseen horror (D:8)
  3 kobold demonologists (D:9)
  6 yaks (D:7)
  2 steam dragons
  An acid dragon (D:9)
  2 orc warriors
  A water moccasin (D:6)
  5 black bears
  2 ice beasts
  2 sky beasts
  2 centaurs (D:9)
  An ogre (D:5)
  2 bullfrogs (D:8)
  2 kobold brigands (D:9)
  A gnoll sergeant (D:9)
  12 wights
  14 killer bees
  A howler monkey (D:9)
  3 jellies
  2 hounds (D:5)
  A gnoll bouda (D:5)
  An orc priest (D:3)
  3 iguanas
  Terence (D:2)
  6 orc wizards
  7 gnolls
  10 adders
  2 shadow imps (D:8)
  An ufetubus (D:7)
  3 worms
  A dart slug (D:1)
  21 orcs
  8 bats
  5 endoplasms
  A giant cockroach (D:2)
  6 goblins
  7 hobgoblins
  5 quokkas
  10 ball pythons
  3 frilled lizards
  10 kobolds
  8 rats
  A spectral weapon (D:8)
189 creatures vanquished.

Vanquished Creatures (others)
  An orc wizard (D:3)
1 creature vanquished.

Grand Total: 190 creatures vanquished

Notes
Turn   | Place    | Note
-------+----------+-------------------------------------------
     0 | D:1      | sircluck the Minotaur Fighter began the quest for the Orb.
     0 | D:1      | Reached XP level 1. HP: 19/19 MP: 0/0
   142 | D:1      | Reached XP level 2. HP: 6/27 MP: 1/1
   590 | D:1      | Reached XP level 3. HP: 30/34 MP: 2/2
   748 | D:1      | Found a faded altar of an unknown god.
  1063 | D:1      | You fall into a shaft and drop 1 floor!
  1072 | D:2      | Noticed Terence
  1086 | D:2      | Killed Terence
  1087 | D:2      | Reached skill level 3 in Axes
  1093 | D:2      | Reached XP level 4. HP: 23/41 MP: 3/3
  1184 | D:2      | Identified the +0 ring mail of Ubiorur {Dex+4}
  2050 | D:3      | Reached skill level 4 in Axes
  2137 | D:3      | Noticed a black bear
  2143 | D:3      | Killed a black bear
  2144 | D:3      | Reached skill level 5 in Armour
  2144 | D:3      | Reached skill level 1 in Dodging
  2144 | D:3      | Reached XP level 5. HP: 38/47 MP: 4/4
  2333 | D:3      | Reached skill level 5 in Axes
  2333 | D:3      | Reached XP level 6. HP: 11/53 MP: 5/5
  3561 | D:4      | Identified the +2 scale mail "Hyemebruu" {Harm Int+4}
  4017 | D:5      | Entered Level 5 of the Dungeon
  4058 | D:5      | Noticed a sky beast
  4082 | D:5      | Found a white marble altar of Elyvilon.
  4128 | D:5      | Reached skill level 5 in Fighting
  4327 | D:5      | Found Hamn's Jewellery Emporium.
  4414 | D:5      | Reached skill level 6 in Axes
  4414 | D:5      | Reached XP level 7. HP: 59/61 MP: 6/6
  4625 | D:5      | Found a shadowy altar of Dithmenos.
  5085 | D:6      | Reached skill level 7 in Axes
  5336 | D:6      | Reached XP level 8. HP: 44/70 MP: 7/7
  5339 | D:6      | Reached skill level 8 in Axes
  5896 | D:5      | Gained mutation: Your spells are a little easier to cast,
                  | but a little less powerful. [potion of mutation]
  5896 | D:5      | Gained mutation: You expend magic power (3 MP) to
                  | strengthen your wands. [potion of mutation]
  5896 | D:5      | Gained mutation: You have an increased reservoir of magic.
                  | (+10% MP) [potion of mutation]
  5903 | D:5      | Identified a scroll of acquirement
  5903 | D:5      | Acquired the +8 broad axe "Nuve" {freeze, Will+}
  6230 | D:7      | Reached skill level 9 in Axes
  6230 | D:7      | Reached skill level 5 in Shields
  6239 | D:7      | Reached skill level 10 in Axes
  6239 | D:7      | Reached XP level 9. HP: 77/78 MP: 8/8
  6279 | D:7      | Found a staircase to the Ecumenical Temple.
  6438 | D:7      | Reached skill level 11 in Axes
  7496 | Temple   | Entered the Ecumenical Temple
  7769 | Temple   | Became a worshipper of Makhleb the Destroyer
  8012 | D:8      | Reached skill level 12 in Axes
  8114 | D:8      | Noticed Joseph
  8129 | D:8      | Killed Joseph
  8130 | D:8      | Reached XP level 10. HP: 67/86 MP: 10/10
  8465 | D:8      | Found an opulent altar of Gozag.
  8549 | D:8      | Found an ornate altar of the Wu Jian Council.
  8575 | D:8      | Found Fyvvousyzu's Antique Weapon Boutique.
  8667 | D:8      | Found a stormy altar of Qazlal.
  8807 | D:8      | Reached skill level 10 in Armour
  9030 | D:9      | Noticed Erica
  9037 | D:9      | Killed Erica
  9039 | D:9      | Noticed an orange demon
  9046 | D:9      | Reached skill level 13 in Axes
  9046 | D:9      | Noticed a sixfirhy
  9048 | D:9      | Reached * piety under Makhleb
  9246 | D:9      | Found a staircase to the Lair.
  9258 | D:9      | Identified the ring "Ostafupti" {Fly Int+3 Slay-5 Stlth+}
  9361 | D:9      | Found a radiant altar of Vehumet.
  9477 | D:9      | Noticed a deep elf knight
  9481 | D:9      | Noticed an orc knight
  9484 | D:9      | Killed a deep elf knight
  9485 | D:9      | Reached skill level 14 in Axes
  9497 | D:9      | HP: 4/90 [gnoll sergeant/+0 spear (5)]
  9499 | D:9      | Mangled by an orc knight

Illustrated notes

Levels and vault maps discovered:
D:1:      wander_arrival_peaceful_grave, layout_loops_corners,
          hellmonk_ecumenical_altar_zigzags
D:2:      minmay_angry_zag, layout_basic, uniq_terence
D:3:      layout_basic
D:4:      layout_cave_pools
D:5:      layout_basic, general_overflow_altar, elyvilon_altar_4,
          nicolae_wooded_promenade
D:6:      layout_basic
D:7:      layout_basic, minmay_temple_entry_grid
D:8:      layout_gridville, lemuel_coloured_pillars_altar,
          mainiacjoe_overflow_alcove_4, lemuel_tele_altar, serial_shops,
          nicolae_shop_peninsula, uniq_joseph
D:9:      minmay_the_grid_four_pointed_star_mashed
          [minmay_the_grid_triangle_9x9_minimal,
          minmay_the_grid_triangle_9x9_flanged_cone,
          minmay_the_grid_triangle_9x9_pentomino_pain,
          minmay_the_grid_triangle_9x9_corrupted_corridor,
          minmay_the_grid_prize_diamond_cup], layout_irregular_city,
          mainiacjoe_overflow_two_lobes, uniq_erica
Temple:   dpeg_chambers_temple

Skill      XL: |  1  2  3  4  5  6  7  8  9 10 |
---------------+-------------------------------+-----
Fighting       | 4 5 6 7 8 |  8.9
Armour         | 4 5 6 7 8 9 10 | 10.6
Axes           | 3 4 5 6 7 10 12 14 | 14.2
Shields        | 4 5 6 |  6.7
Dodging        | 1 2 |  2.2
Throwing       | |  0.2
Stealth        | |  0.5

Action                     |  1- 3 |  4- 6 |  7- 9 | 10-12 || total
---------------------------+-------+-------+-------+-------++-------
  Melee: War axe           |    75 |   111 |    84 |       ||   270
         Headbutt          |    10 |    15 |    29 |    12 ||    66
         Broad axe         |       |       |   102 |    81 ||   183
  Throw: Stone             |       |     1 |       |     6 ||     7
    Use: Scroll            |       |       |    11 |     1 ||    12
         Potion            |       |       |     2 |       ||     2
 Armour: Scale mail        |    38 |     8 |       |       ||    46
         Ring mail         |       |    26 |       |       ||    26
         Plate armour      |       |    29 |   130 |    80 ||   239
  Dodge: Dodged            |    42 |    59 |    79 |    67 ||   247
  Block: Buckler           |    26 |    29 |    50 |    34 ||   139

Table legend: (Time is in decaauts)
 A = Elapsed time spent in this place.
 B = Non-inter-level travel time spent in this place.
 C = Inter-level travel time spent in this place.
 D = Time resting spent in this place.
 E = Time spent auto-exploring this place.
 F = Levels seen in this place.
 G = Mean time per level.
                   A        B        C        D        E       F      G
               +--------+--------+--------+--------+--------+-----+--------+
         Total |   9603 |   8656 |    947 |    390 |   6659 |  10 |  960.3 |
       Dungeon |   9321 |   8409 |    912 |    390 |   6427 |   9 | 1035.7 |
        Temple |    281 |    246 |     35 |      0 |    232 |   1 |  281.0 |
               +--------+--------+--------+--------+--------+-----+--------+

Top non-repeatable levels by time:
     D:5: 1342 daAuts
     D:7: 1313 daAuts
     D:2: 1234 daAuts
     D:1: 1161 daAuts
     D:3: 1049 daAuts
     D:8: 1044 daAuts
     D:6: 778 daAuts
     D:4: 715 daAuts
     D:9: 682 daAuts
  Temple: 281 daAuts
